 Seeded DCSS version 0.28.0-53-g5a82cb258f (webtiles) character file.

Game seed: 20220526 (custom seed)

238 Kazon the Slasher (level 5, 0/69 HPs)
             Began as a Draconian Berserker on June 20, 2022.
             Was a Believer of Trog.
             Slain by a gargoyle
             ... wielding a +0 morningstar
              (19 damage)
             ... on level 5 of the Dungeon on June 21, 2022.
             The game lasted 00:10:29 (2216 turns).

Kazon the Slasher (Draconian Berserker)             Turns: 2216, Time: 00:10:30

Health: 0/69       AC:  5    Str: 20    XL:     5   Next: 78%
Magic:  5/5        EV: 13    Int:  7    God:    Trog [**....]
Gold:   64         SH:  0    Dex: 12    Spells: 4/4 levels left

rFire   . . .      SeeInvis .   l - +2 short sword (venom)
rCold   . . .      Faith    .   (no shield)
rNeg    . . .      Spirit   .   (armour unavailable)
rPois   .          Reflect  .   (helmet restricted)
rElec   .          Harm     .   (no cloak)
rCorr   .          Rampage  .   (no gloves)
Will    ++...                   (no boots)
Stlth   ..........              (no amulet)
HPRegen 1.21/turn               (no ring)
MPRegen 0.09/turn               (no ring)

@: berserking (expiring), strong-willed, regenerating, very quick
A: AC +5, unfitting armour, cold-blooded
a: Renounce Religion, Berserk, Trog's Hand


You were on level 5 of the Dungeon.
You worshipped Trog.
Trog was pleased with you.
You visited 1 branch of the dungeon, and saw 4 of its levels.

You collected 64 gold pieces.

Inventory:

Hand Weapons
 a - a +0 long sword
 l - a +2 short sword of venom (weapon)
Missiles
 c - 4 curare-tipped darts
 i - 10 stones (quivered)
Scrolls
 b - a scroll of magic mapping {unknown}
 e - a scroll of holy word {unknown}
 f - a scroll of enchant armour {unknown}
 j - 3 scrolls of identify {unknown}
 k - a scroll of fear {unknown}
 m - a scroll of immolation {unknown}
 n - a scroll of amnesia {unknown}
Potions
 d - 3 potions of curing {unknown}
 g - a potion of degeneration {unknown}
 h - 3 potions of haste {unknown}
 o - 2 potions of magic {unknown}


   Skills:
 + Level 4.2 Fighting
 + Level 2.1(3.6) Short Blades
 + Level 4.5(4.7) Long Blades
 + Level 0.6 Throwing
 + Level 3.4 Dodging
 + Level 1.3 Stealth


You had 4 spell levels left.
You didn't know any spells.
Your spell library was empty.

Dungeon Overview and Level Annotations

Branches:
Dungeon (3/15)

Altars:
Wu Jian


Innate Abilities, Weirdness & Mutations

Your plain brown scales are hard. (AC +5)
You cannot fit into any form of body armour.
You are cold-blooded and may be slowed by cold attacks.


Message History

The black bear goes berserk!
Your skin crawls.
You feel strong-willed.
You kill the black bear!
Trog accepts your kill.
Your base Short Blades skill increases to level 2!
Your Stealth skill increases to level 1!
A red film seems to cover your vision as you go berserk!
You feel yourself moving faster!
You feel mighty!
The gargoyle hurls a stone arrow at you.
The stone arrow hits you!
You completely miss the gargoyle.
The gargoyle hurls a stone arrow at you.
The stone arrow hits you.
* * * LOW HITPOINT WARNING * * *
You hit the gargoyle but do no damage.
Your tail-slap misses the gargoyle.
The gargoyle misses you.
You barely miss the gargoyle. You puncture the gargoyle!
You tail-slap the gargoyle, but do no damage.
The gargoyle is moderately damaged.
The gargoyle hurls a stone arrow at you.
The stone arrow hits you!
* * * LOW HITPOINT WARNING * * *
You barely miss the gargoyle. You tail-slap the gargoyle.
The gargoyle is heavily damaged.
You hit the gargoyle but do no damage.
You tail-slap the gargoyle, but do no damage.
The gargoyle is heavily damaged.
The gargoyle hurls a stone arrow at you.
The stone arrow misses you.
You hit the gargoyle.
The gargoyle is severely damaged.
The gargoyle completely misses you.
You barely miss the gargoyle.
The gargoyle is severely damaged.
You barely miss the gargoyle.
The gargoyle is severely damaged.
The gargoyle hits you with a +0 morningstar!!
You die...

#####
#...#
#9#
#@#
#.#
./.
.#.##
..#.#
#.
#.#
#.
#.. #
..#


You could see a gargoyle.

Vanquished Creatures
  A black bear (D:5)
  An orc priest (D:3)
  3 adders
  5 dart slugs
  4 orcs (D:3)
  7 bats
  6 endoplasms
  2 giant cockroaches (D:1)
  5 goblins
  10 hobgoblins
  5 jackals
  9 kobolds
  2 quokkas
  3 ball pythons
  3 frilled lizards
  6 rats
72 creatures vanquished.

Vanquished Creatures (others)
  4 toadstools (D:1)
4 creatures vanquished.

Grand Total: 76 creatures vanquished

Notes
Turn   | Place    | Note
-------+----------+-------------------------------------------
     0 | D:1      | Kazon the Draconian Berserker began the quest for the Orb.
     0 | D:1      | Reached XP level 1. HP: 19/19 MP: 1/1
   134 | D:1      | Reached XP level 2. HP: 23/26 MP: 2/2
   410 | D:1      | Found a faded altar of an unknown god.
   525 | D:1      | Reached XP level 3. HP: 30/33 MP: 3/3
   826 | D:1      | Reached ** piety under Trog
  1308 | D:2      | Reached XP level 4. HP: 30/40 MP: 4/4
  1695 | D:2      | Identified the +4 hand axe "Kioda" {pain, rPois Int+3}
  2047 | D:3      | Found an ornate altar of the Wu Jian Council.
  2092 | D:3      | Reached skill level 1 in Short Blades
  2092 | D:3      | Reached XP level 5. HP: 44/46 MP: 5/5
  2201 | D:3      | You fall into a shaft and drop 2 floors!
  2201 | D:5      | Entered Level 5 of the Dungeon
  2201 | D:5      | Noticed a black bear
  2201 | D:5      | Noticed a gargoyle
  2206 | D:5      | Killed a black bear
  2207 | D:5      | Reached skill level 1 in Stealth
  2216 | D:5      | Slain by a gargoyle

Illustrated notes

Levels and vault maps discovered:
D:1:      ldierk_water_garden, layout_basic, basic_ecumenical_altar,
          minmay_misc_feat_four_crosses, minmay_tripent
D:2:      layout_loops_corners
D:3:      layout_rooms, lemuel_crystal_altar, slow_altar_2, serial_shops,
          nicolae_shop_crystal, cheibrodos_sewer_entry_bend,
          minmay_quadrilaterals
D:5:      layout_basic, amcnicky_mini_rare_corridor_liquid, minivault_27,
          uniq_crazy_yiuf_cottage

Skill      XL: |  1  2  3  4  5 |
---------------+----------------+-----
Dodging        | 3 |  3.4
Long Blades    | 4 |  4.5
Fighting       | 4 |  4.2
Short Blades   | 1 2 |  2.1
Stealth        | 1 |  1.3
Throwing       | |  0.6

Action                   |  1- 3 |  4- 6 || total
-------------------------+-------+-------++-------
Melee: Falchion          |    56 |       ||    56
       Tailslap          |     8 |     9 ||    17
       Long sword        |    69 |     6 ||    75
       Short sword       |       |    70 ||    70
Throw: Stone             |     8 |    10 ||    18
Invok: Berserk           |       |     1 ||     1
       Trog's Hand       |       |     1 ||     1
 Stab: Sleeping          |     2 |     4 ||     6
Armor: Skin              |    43 |    23 ||    66
Dodge: Dodged            |    67 |    29 ||    96
